Map: Ulrena

Players

Phil - Winner!

  • Race: Zerg Zerg
  • League: Silver

juhyg

  • Race: Zerg Zerg

VOD

Have the link to the VOD?

Description

Time

  • Played on: Jan. 27, 2016, 6:28 p.m.
  • Length: 4:54
Show
View Real Time Build Order
Export as new Build Order

Phil Zerg - Winner!

Build Orders: Pool First 

Get SALT Encoding   

  12  0:04  Drone  
  13  0:13  Overlord  
  13  0:18  Drone  
  14  0:36  Spawning Pool  
  14  0:41  Drone  
  14  0:44  Drone  
  14  0:47  Drone  
  16  0:55  Extractor  
  16  0:56  Drone  
  16  1:29  Spine Crawler, Hatchery  
  14  1:34  Drone  
  14  1:36  Drone  
  16  1:43  Drone  
  16  1:46  Drone  
  18  1:57  Drone  
  19  2:19  Zergling x2  
  19  2:20  Zergling x2  
  19  2:22  Metabolic Boost  
  21  2:33  Lair  
  21  2:46  Zergling x4  
  21  2:50  Queen  
  25  2:57  Drone x2  
  27  3:15  Zergling x2  
  27  3:18  Overlord x2  
  28  3:35  Queen  
  28  3:39  Spine Crawler  
  29  3:43  Evolution Chamber  
  29  3:47  Queen  
  30  3:51  Drone, Extractor  
  30  3:54  Zergling x4  
  32  4:02  Zergling x4  
  34  4:03  Zergling x8  
Show
View Real Time Build Order
Export as new Build Order

juhyg Zerg 

Build Orders: Pool First 

Get SALT Encoding   

  12  0:19  Spawning Pool  
  11  0:26  Overlord  
  11  0:34  Drone  
  13  0:35  Drone  
  13  0:45  Drone  
  14  0:54  Extractor  
  13  1:08  Queen  
  15  1:38  Drone x3  
  18  1:44  Extractor  
  17  1:53  Zergling x2  
  19  2:02  Zergling x2  
  20  2:18  Zergling x4  
  20  2:19  Zergling x2  
  21  2:30  Drone  
  21  2:32  Overlord  
  21  2:35  Overlord  
  22  2:40  Metabolic Boost  
  21  2:56  Overlord  
  21  2:57  Overlord x2  
  21  3:04  Lair  
  21  3:07  Extractor  
  21  3:08  Drone x2  
  22  3:24  Zergling x2  
  23  3:28  Drone  
  24  3:43  Drone x2  
  24  3:44  Drone x2  
  28  4:04  Spire  
  27  4:28  Hatchery  
  26  4:35  Zergling x2  
  26  4:36  Zergling x8  
Tags
 
League
Silver
Matchup
ZvZ
Race
Zerg
Add a new tag
Caveats
  • Supply blocks, unpowered buildings, or Contaminate may cause inaccurate times.
  • Supply counts are checked every 10 seconds.